 Dungeon Crawl Stone Soup version 0.27.1-33-g824d729ab1 (webtiles) character file.

Game seed: 10433207681013014918

126 Atelerd the Digger (level 5, -1/31 HPs)
             Began as an Octopode Earth Elementalist on Dec 29, 2021.
             Slain by an orc wizard (2 damage)
             ... on level 4 of the Dungeon.
             The game lasted 00:02:38 (2032 turns).

Atelerd the Digger (Octopode Earth Elementalist)    Turns: 2032, Time: 00:02:39

Health: -1/31      AC:  1    Str:  7    XL:     5   Next: 9%
Magic:  7/9        EV: 13    Int: 19    God:
Gold:   94         SH:  0    Dex: 12    Spells: 9/10 levels left

rFire    . . .     SeeInvis .   a - +0 dagger
rCold    . . .     Faith    .   (no shield)
rNeg     . . .     Spirit   .   (helmet restricted)
rPois    .         Reflect  .   (no amulet)
rElec    .         Harm     .   (no ring)
rCorr    .         Rampage  .   (no ring)
Will     .....                  (no ring)
Stlth    +++.......             (no ring)
HPRegen  0.10/turn              (no ring)
MPRegen  0.11/turn              (no ring)
                                (no ring)
                                (no ring)

@: flying
A: almost no armour, amphibious, 8 rings, camouflage 1, gelatinous body 1,
(nimble swimmer 1), tentacles
a: no special abilities


You were on level 4 of the Dungeon.
You visited 1 branch of the dungeon, and saw 4 of its levels.

You collected 94 gold pieces.

Inventory:

Hand Weapons
 a - a +0 dagger (weapon)
Missiles
 h - 2 throwing nets
Scrolls
 d - a scroll of identify {unknown}
 g - a scroll of teleportation {unknown}
 i - a scroll of fog {unknown}
Potions
 c - a potion of mutation {unknown}
 j - a potion of resistance {unknown}


   Skills:
 + Level 0.1 Fighting
 + Level 0.3 Short Blades
 - Level 2.0 Dodging
 - Level 2.6 Stealth
 + Level 3.1 Spellcasting
 + Level 1.0 Transmutations
 + Level 4.8 Earth Magic


You had 9 spell levels left.
You knew the following spells:

 Your Spells              Type           Power      Damage    Failure   Level
a - Sandblast             Erth           42%        2d11      1%          1

Your spell library contained the following spells:

 Spells                   Type           Power      Damage    Failure   Level
 Passwall                 Tmut/Erth      11%        N/A       7%          2
 Magic Dart               Conj           8%         1d3       16%         1
 Stone Arrow              Conj/Erth      24%        3d8       17%         3
 Searing Ray              Conj           4%         3d3       22%         2
 Ozocubu's Armour         Ice            2%         N/A       41%         3
 Petrify                  Tmut/Erth      14%        N/A       41%         4
 Fulminant Prism          Conj/Hex       1%         3d6       83%         4
 Metabolic Englaciation   Hex/Ice        1%         N/A       99%         5
 Simulacrum               Ice/Necr       1%         N/A       100%        6


Dungeon Overview and Level Annotations

Branches:
Dungeon (4/15)
 Temple: D:4-7

Altars:

Annotations:
D:1 exclusion: downstairs


Innate Abilities, Weirdness & Mutations

You cannot wear most types of armour.
You are amphibious.
You can wear up to eight rings at the same time.
Your skin changes colour to match your surroundings (Stealth+).
Your rubbery body absorbs attacks. (AC +1, EV +1)
((You are camouflaged near water. (Stealth+)))
You have tentacles for arms and can constrict up to eight enemies at once.


Message History

Something hits you.
Unknown command.
Casting: Sandblast (safe; 1% risk of failure)
Confirm with . or Enter, or press ? or * to list all spells.
Okay, then.
You closely miss something. Something hits you.
You hit something but do no damage. Your squeeze misses something.
Something hits you.
You hit something but do no damage. Something barely misses you.
You aren't carrying any items that you can evoke.
You closely miss something. Something hits you.
You miss something. Something hits you.
* * * LOW HITPOINT WARNING * * *
Unknown command.
It was a potion of flight.
You feel very buoyant.
You fly up into the air.
Something completely misses you.
It was a potion of magic.
Magic courses through your body.
You hear some strange, mumbled words.
Something tries to affect you, but you resist.
Casting: Sandblast (safe; 1% risk of failure)
Confirm with . or Enter, or press ? or * to list all spells.
Aiming: Sandblast (safe; 1% risk of failure)
Press: ? - help, Shift-Dir - straight line The blast of sand hits something.
Something hits you.
* * * LOW HITPOINT WARNING * * *
Unknown command.
Casting: Sandblast (safe; 1% risk of failure)
Confirm with . or Enter, or press ? or * to list all spells.
Aiming: Sandblast (safe; 1% risk of failure)
Press: ? - help, Shift-Dir - straight line The blast of sand hits something.
You now have no stones remaining.
Something hits you.
* * * LOW HITPOINT WARNING * * *
Unknown command.
Casting: Sandblast (safe; 1% risk of failure)
Confirm with . or Enter, or press ? or * to list all spells.
You don't have any stones to cast with.
You miss something. You squeeze something. Something hits you.
You die...

# #.# # #.
#>#
#.##.###.##
.....#...###
...........#
#.###....#.#
##..##.#
#..##.#
#@....#
#{###..# ...
..# ##.. .#
... # ##..
#.. #..


There were no monsters in sight!

Vanquished Creatures
  3 gnolls (D:2)
  3 adders
  2 adder skeletons (D:4)
  3 dart slugs
  6 orcs (D:4)
  3 bats
  5 endoplasms
  3 giant cockroaches
  5 goblins
  2 hobgoblins
  3 jackals (D:1)
  3 quokkas
  4 ball pythons
  2 frilled lizards (D:3)
  2 kobolds
  3 rats
52 creatures vanquished.

Notes
Turn   | Place    | Note
-------+----------+-------------------------------------------
     0 | D:1      | Atelerd the Octopode Earth Elementalist began the quest for
                  | the Orb.
     0 | D:1      | Reached XP level 1. HP: 11/11 MP: 3/3
   175 | D:1      | Found a faded altar of an unknown god.
   248 | D:1      | Reached XP level 2. HP: 17/17 MP: 3/5
   666 | D:1      | Reached XP level 3. HP: 21/21 MP: 6/6
  1006 | D:2      | Reached skill level 4 in Earth Magic
  1368 | D:2      | Reached XP level 4. HP: 27/27 MP: 4/7
  1596 | D:2      | You fall into a shaft and drop 2 floors!
  1771 | D:2      | You fall into a shaft and drop 2 floors!
  1880 | D:4      | Reached XP level 5. HP: 23/31 MP: 7/9
  2031 | D:4      | HP: 1/31 [something (3)]
  2032 | D:4      | Slain by an orc wizard

Illustrated notes

Levels and vault maps discovered:
D:1:      dpeg_arrival_tiny_i, layout_basic, ebering_ecumenical_altar_hall
D:2:      layout_loops_ring, basic_altar
D:3:      layout_basic, lemuel_tele_altar, chequers_arboretum,
          minmay_misc_feat_five, st_stairs_9
D:4:      layout_loops_ring

Skill      XL: |  1  2  3  4 |
---------------+-------------+-----
Earth Magic    | 4 |  4.8
Spellcasting   | 3 |  3.1
Fighting       | |  0.1
Short Blades   | |  0.3
Dodging        | |  2.0
Stealth        | |  2.6
Transmutations | |  1.0

Action                   |  1- 3 |  4- 6 || total
-------------------------+-------+-------++-------
Melee: Dagger            |    28 |    36 ||    64
       Constrict         |     6 |     6 ||    12
       Tentacles         |     2 |     8 ||    10
 Cast: Sandblast         |    22 |    29 ||    51
  Use: Potion            |       |     2 ||     2
 Stab: Sleeping          |     7 |     1 ||     8
Armor: Skin              |       |     3 ||     3
Dodge: Dodged            |    21 |    23 ||    44
